← All builds
Beach sea / Cortex / Economy first / OBSERVED BUILD

Standard beach sea

The role's usual play: com goes to sea to build a shipyard around 2 minutes, pumping frigates and destroyers to contest enemy sea entry or hold vision, with an advanced metal extractor around 10 minutes as the transition into the team's…

Usually shipyard first (94%)

#naval #eco · 772 distinct matches · 104 players · 84% of Cortex Beach sea games · team won 55% of 835 · Recently observed

HOW TO PLAY IT

Key timing: Shipyard by 1:57

  1. Open 3 mex and wind while com heads straight to sea.
  2. Drop Shipyard fast, before 2:00, to seize early sea presence.
  3. Push "frigate" out to contest enemy sea entry or hold vision.
  4. Add "destroyer" as the fleet grows.
  5. Transition into Advanced Metal Extractor to catch up on eco.

Phase by phase

TYPICAL OF ITS 772 GAMES
  1. 1
  2. 2
  3. 3
PLAY THE OPENING

Follow the example game's first 6:00 step by step: what to build now, what comes next, and where it goes. At 1× it keeps pace with your own game.

  1. 1

    Up to the Shipyard

    Economy
    • Metal Extractor3Mex
    • Wind Turbine3Windfor allies
    • Wind Turbine2Wind
    • Energy Storage1Energy storage
    Order
    1. ShipyardShipyard after 3 mex, 2 wind, 1 energy storagedone ~1:57, middle half 1:45–2:08

    By 1:41 in all: 3 mex · 2 wind · 1 energy storage

    The example game in this phase · 5 steps
    1. Mex ×3
    2. Wind ×3for Air
    3. Wind ×2
    4. Energy storage
    5. ShipyardShipyarddone 1:59 · typical 1:57
  2. 2

    Shipyard to 5:00

    Economy
    • Metal Extractor5Mex
    • Tidal Generator2Tidal
    Builders
    • Construction Ship2 Con ship
    Army
    • Riptide2 Frigate
    • Herring1 Missile corvette
    • Oppressor1 Destroyer
    Other
    • Naval Radar / Sonar Tower1 Naval Radar / Sonar Tower

    Some games also: Urchin (43%) · wind (40%) · submarine (39%) · gunboat (35%) · con turret (35%)

    By 5:00 in all: 8 mex · 3 wind · 2 tidal · 1 energy storage

    The example game in this phase · 26 steps
    1. Tidal
    2. Construction ShipCon ship ×2
    3. HerringMissile corvette
    4. Tidal
    5. Con turret
    6. Mex ×2
    7. HerringMissile corvette
    8. Wind
    9. RiptideFrigatedone 3:38 · typical 3:52
    10. Wind
    11. Mex
    12. Wind
    13. Mex
    14. Wind
    15. Naval Radar / Sonar TowerNaval Radar / Sonar Tower
    16. Wind
    17. Mex
    18. RiptideFrigate
    19. Wind
    20. UrchinUrchin
    21. Wind
    22. OppressorDestroyerdone 5:21 · typical 5:08
    23. Wind
    24. Naval Radar / Sonar TowerNaval Radar / Sonar Tower
    25. Naval Energy Converter ×3
    26. Wind
  3. 3

    5:00 to 10:00

    Economy
    • Metal Extractor1Mex
    • Wind Turbine10Wind
    Builders
    • Death Cavalry1 Death Cavalry
    • Construction Ship1 Con ship
    Army
    • Riptide5 Frigate
    • Oppressor2 Destroyer
    • Herring2 Missile corvette
    Other
    • Naval Radar / Sonar Tower1 Naval Radar / Sonar Tower

    Some games also: Urchin (50%) · Naval Construction Turret (48%) · Guard (47%) · Radar Tower (41%) · tidal (38%)

    By 10:00 in all: 9 mex · 12 wind · 4 wind · 4 tidal · 1 energy storage · 1 Naval Construction Turret

    The example game in this phase · 92 steps
    1. Naval Energy Converter
    2. Wind
    3. Naval Radar / Sonar TowerNaval Radar / Sonar Tower
    4. Wind
    5. OrcaSubmarinedone 6:00
    6. Wind
    7. Dragon's MawDragon's Maw
    8. RiptideFrigate
    9. Wind
    10. RiptideFrigate
    11. Wind
    12. Mex
    13. Death CavalryDeath Cavalry
    14. Wind
    15. HerringMissile corvette
    16. Wind
    17. OppressorDestroyer
    18. Mex
    19. Wind ×3
    20. RiptideFrigate
    21. Wind
    22. GuardGuard
    23. RiptideFrigate
    24. Wind ×2
    25. GuardGuard
    26. Death CavalryDeath Cavalry
    27. Wind ×2
    28. HerringMissile corvette
    29. Mex
    30. Wind
    31. Mex
    32. OppressorDestroyer
    33. Wind
    34. Naval Construction Turret
    35. Wind
    36. Mex
    37. Wind
    38. Naval Construction Turret
    39. Wind ×2
    40. RiptideFrigate
    41. Naval Radar / Sonar TowerNaval Radar / Sonar Tower
    42. Death CavalryDeath Cavalry
    43. Wind ×3
    44. Tidal
    45. Wind
    46. Tidal ×4
    47. Wind
    48. Naval Construction Turret
    49. Metal storage
    50. Wind
    51. Naval Construction Turret ×2
    52. Advanced Metal ExtractorT2 mexdone 12:19 · typical 9:57
    53. Advanced ShipyardAdvanced Shipyarddone 12:19
    54. Wind
    55. Advanced Metal ExtractorT2 mex
    56. Wind ×2
    57. Naval Energy Converter ×2
    58. Advanced Construction SubAdvanced Construction Sub
    59. Advanced Metal ExtractorT2 mex
    60. Wind
    61. Naval Energy Converter
    62. Naval Radar / Sonar TowerNaval Radar / Sonar Tower
    63. Wind
    64. Naval Energy Converter
    65. PathfinderPathfinder
    66. Naval Energy Converter
    67. Advanced Metal ExtractorT2 mex
    68. Naval Advanced Metal ExtractorNaval Advanced Metal Extractordone 13:42
    69. PathfinderPathfinder
    70. Naval Energy Converter
    71. Con turret
    72. Naval Radar / Sonar TowerNaval Radar / Sonar Tower
    73. Naval Energy Converter
    74. PathfinderPathfinder
    75. Naval Energy Converter ×5
    76. PathfinderPathfinder
    77. Tidal
    78. PathfinderPathfinder
    79. Tidal
    80. Advanced Metal ExtractorT2 mex
    81. Naval Radar / Sonar TowerNaval Radar / Sonar Tower
    82. Tidal ×3
    83. Naval Advanced Metal ExtractorNaval Advanced Metal Extractor
    84. Tidal ×2
    85. Seaplane PlatformSeaplane Platformdone 14:50
    86. Wind ×4
    87. Naval Radar / Sonar TowerNaval Radar / Sonar Tower
    88. Wind ×2
    89. Naval Advanced Metal ExtractorNaval Advanced Metal Extractor
    90. Wind ×2
    91. WatcherRadar plane
    92. Wind ×2

Counts are medians over the build's games: half of them build more, half fewer. The example game is Lexosis's (36 OS, 26/09/2026); pick another.

Team trades

IN AT LEAST 30% OF ITS GAMES

You hand over

  • Wind Turbine3 Wind to Airfirst at 1:53 · in 78% of games

You get

  • Finch1 Finch from Airfirst at 1:58 · in 82% of games
  • Lazarus1 Lazarus from Geofirst at 2:14 · in 61% of games
  • Hephaestus1 Heavy transport from Airfirst at 2:16 · in 69% of games
  • Construction Bot1 Con bot from Geofirst at 2:28 · in 69% of games
  • Hercules1 Light transport from Airfirst at 2:35 · in 32% of games
  • Advanced Construction Bot1 T2 con bot from Techfirst at 8:09 · in 88% of games

How it plays out

Typical game of this build, running totals by minute

Metal produced

010k20k30k
0:005:0010:0015:00

metal

Enemy metal destroyed

05k10k
0:005:0010:0015:00

metal

Own metal lost

02.5k5k7.5k
0:005:0010:0015:00

metal

835 games.

Show as table
ByMetal produced: This buildEnemy metal destroyed: This buildOwn metal lost: This build
1:0040300
2:0093700
3:00156500
4:002523050
5:003700197100
6:005029535251
7:0064741100590
8:00807018551041
9:00967728731621
10:001159240072365
11:001380852273102
12:001636062233842
13:001911472554615
14:002195382755711
15:002492992656526
WHAT THE NUMBERS SAY

Standard Beach sea wins more than Geo sea's 50% and gets its Shipyard up faster, using early sea access before falling behind on land resources.

  • + Shipyard finishes by 1:57, faster than Geo sea's 3:18
  • + 54% team win rate beats the Cortex geo sea baseline
  • − Metal produced trails Geo sea's Cortex build, 24356 vs 28451 by 15:00
  • − T2 factory only lands in 35% of games by 12:42
THE EXAMPLE YOU ARE READING

Lexosis

36.5 OS · 26/09/2026

Open source match ↗

7 received units · includes a constructor
75 metal received · 34252 energy received

Allied construction assistance is unknown. Timings are observations, not a promise of solo reproducibility.

Typical milestones

Shipyard1:57Middle 50%: 1:45–2:08 · n=833
Riptide3:52Middle 50%: 3:16–4:34 · n=826
Oppressor5:08Middle 50%: 4:12–6:06 · n=807
Advanced Metal Extractor9:57Middle 50%: 9:15–10:53 · n=708

Played most by

EpicTyrannus78games of this buildDamsko66games of this buildWaboum64games of this buildPRO_HYDRA57games of this buildMrCoolPotato51games of this build